 Dungeon Crawl Stone Soup version 0.18-a0-1788-g92de1ac (webtiles) character file.

161418 Murumi the Fencer (level 18, -18/138 HPs)
             Began as a Formicid Fighter on Apr 21, 2016.
             Was the Champion of Elyvilon.
             Demolished by an earth elemental (31 damage)
             ... summoned by a deep elf elementalist
             ... on level 3 of the Elven Halls.
             The game lasted 04:05:05 (33256 turns).

Murumi the Fencer (Formicid Fighter)               Turns: 33256, Time: 04:05:06

Health: -18/138    AC: 17    Str: 25    XL:     18   Next: 41%
Magic:  18/18      EV:  7    Int: 12    God:    Elyvilon [******]
Gold:   802        SH: 33    Dex: 19    Spells: 0 memorised, 17 levels left

rFire  + + .     SeeInvis +     e - +3 triple sword (slice)
rCold  + . .     Gourm    .     Q - +0 plate armour {rF+}
rNeg   + . .     Faith    .     B - +8 large shield "Ymmodiol" {rF+ rN+}
rPois  .         Spirit   .     (helmet unavailable)
rElec  .         Dismiss  .     G - +2 cloak
rCorr  .         Reflect  +     u - +2 pair of gloves
SustAt .         Harm     .     r - +0 pair of boots
MR     +++..                    R - amulet of Lugonu's Approval {Reflect MR+ MP-9 Dex+5 SH+4}
Stlth  ..........               c - ring of Contentment {rC+ MR+ Dex+4}
                                T - +3 ring of slaying

@: corroded, extremely resistant to hostile enchantments, extremely unstealthy
A: permanent stasis, dig shafts and tunnels, four strong arms, antennae 3, thin
metallic scales 1
a: Dig, Shaft Self, Lesser Healing, Heal Other, Purification, Greater Healing,
Divine Vigour, Divine Protection, Renounce Religion


You were on level 3 of the Elven Halls.
You worshipped Elyvilon.
Elyvilon was exalted by your worship.
You were not hungry.

You visited 5 branches of the dungeon, and saw 25 of its levels.
You also visited: Ice Cave.

You collected 2340 gold pieces.
You spent 1538 gold pieces at shops.

Inventory:

Hand Weapons
 d - a +0 scimitar of flaming
 e - a +3 triple sword of slicing (weapon)
 f - the +10 arbalest "Buuhuane" {freeze, MR+ Dex+2}
   (You found it on level 8 of the Lair of Beasts)

   It causes projectiles fired from it to freeze those they strike, causing
   extra injury to most foes and up to half again as much damage against
   particularly susceptible opponents.
   They can also slow down cold-blooded creatures.
   It affects your dexterity (+2).
   It affects your resistance to hostile enchantments.
Missiles
 h - 137 bolts
Armour
 r - a +0 pair of boots (worn)
 u - a +2 pair of gloves (worn)
 B - the +8 large shield "Ymmodiol" (worn) {rF+ rN+}
   (You acquired it on level 8 of the Lair of Beasts)

   It protects you from fire.
   It protects you from negative energy.
 G - a +2 cloak (worn)
 Q - a +0 plate armour of fire resistance (worn)
Jewellery
 c - the ring of Contentment (right hand) {rC+ MR+ Dex+4}
   (You found it on level 8 of the Lair of Beasts)

   [ring of protection from magic]

   It affects your dexterity (+4).
   It protects you from cold.
   It affects your resistance to hostile enchantments.
 y - an uncursed ring of resist corrosion
 z - an uncursed ring of protection from cold
 R - the amulet of Lugonu's Approval (around neck) {Reflect MR+ MP-9 Dex+5 SH+4}
   (You bought it in a shop on level 2 of the Orcish Mines)

   [amulet of reflection]

   It shields you and reflects attacks.
   It affects your dexterity (+5).
   It affects your resistance to hostile enchantments.
   It affects your magic capacity (-9).
   It affects your SH (+4).
 T - a +3 ring of slaying (left hand)
Wands
 v - a wand of lightning (11/15)
 x - a wand of acid (10/15)
 E - a wand of iceblast (4/15)
 F - a wand of flame (16/48)
 K - a wand of flame (26/48)
 L - a wand of lightning (8/15)
Scrolls
 k - 11 scrolls of magic mapping
 l - 7 scrolls of remove curse
 q - 4 scrolls of fog
 s - a scroll of fear
 w - 2 scrolls of identify
 I - 2 scrolls of amnesia
 O - 3 scrolls of enchant armour
 P - a scroll of recharging
Potions
 b - 4 potions of heal wounds
 g - a potion of resistance
 m - 8 potions of curing
 n - 2 potions of agility
 t - 2 potions of invisibility
 A - a potion of might
 C - 8 potions of flight
 H - 2 potions of brilliance
 M - 4 potions of lignification
 N - a potion of cancellation
 S - a potion of cure mutation
Comestibles
 a - a slice of pizza
 i - 9 royal jellies
 j - 4 chunks of flesh
 o - 16 bread rations
 p - 5 beef jerkies
 D - 6 meat rations
 J - 5 fruits


   Skills:
 - Level 11.0 Fighting
 + Level 16.3 Long Blades
 - Level 16.0 Crossbows
 - Level 11.0 Armour
 - Level 15.0 Shields
 - Level 13.0 Invocations


You had 17 spell levels left.
You didn't know any spells.

Dungeon Overview and Level Annotations

Branches:
Dungeon (11/15)            Temple (1/1) D:6            Lair (8/8) D:11
  Swamp (0/4) Lair:6       Spider (0/4) Lair:4        Slime (0/6) Lair:6
    Orc (2/2) D:11            Elf (3/3) Orc:2

Altars:
Ashenzari
Cheibriados
Dithmenos
Elyvilon
Fedhas
Gozag
Kikubaaqudgha
Makhleb
Nemelex Xobeh
Okawaru
Pakellas
Qazlal
Ru
Sif Muna
Trog
Vehumet
Xom
Yredelemnul
Zin
The Shining One
Beogh

Shops:
D:5 !   D:8 *   D:10 (   Orc:1 *   Orc:2 ([=   Elf:1 %

Annotations:
D:6 exclusion: 2 doors


Innate Abilities, Weirdness & Mutations

You are under a permanent stasis effect.
You can dig through walls and to a lower floor.
Your four strong arms can wield two-handed weapons with a shield.
You have a pair of large antennae on your head (SInv).
You are partially covered in thin metallic scales (AC +2).


Message History

You block the earth elemental's attack.
The deep elf annihilator mumbles some strange words.
The deep elf annihilator blinks!
You slash the ghostly deep elf sorcerer!
The ghostly deep elf sorcerer is moderately damaged.
The earth elemental disappears in a puff of smoke!
The deep elf sorcerer points at you and mumbles some strange words.
The bolt of acid hits you!
* * * LOW HITPOINT WARNING * * *
The acid corrodes you!
The acid burns!
* * * LOW HITPOINT WARNING * * *
You block the ghostly deep elf sorcerer's attack.
The deep elf master archer wields a longbow.
The deep elf master archer shoots an arrow.
You reflect the arrow off an invisible shield around you!
The arrow completely misses the deep elf sorcerer.
The arrow hits the deep elf master archer!!!
The earth elemental is engulfed in seething chaos.
The earth elemental twitches.
The earth elemental hits you!!
You die...

{{{ .{(. #{.#
#..# #{{##
#.{#.####
#%e#ee@E#
#######3eEe.eE#
......e4eEeEE##
.......*EEe.E#
.........4####
###########...#
..........#...#
..........#...#
..........#...###


You could see a deep elf master archer, a deep elf annihilator, a deep elf death
mage, a deep elf sorcerer, a ghostly deep elf sorcerer, 2 deep elf
elementalists, a deep elf demonologist, a deep elf high priest, 9 earth
elementals, an ice devil, a rust devil, a chaos spawn and a lost soul.

Vanquished Creatures
  Norris (Elf:2)
  Donald (Elf:1)
  A deep elf sorcerer (Elf:2)
  A frost giant (IceCv)
  2 orc warlords
  2 deep elf demonologists (Elf:1)
  3 deep elf death magi (Elf:3)
  Erolcha (D:9)
  Josephine (D:10)
  5 hydras
  Erica (D:8)
  26 dancing weapons
  10 death yaks
  3 orc high priests (Orc:2)
  20 deep elf knights
  A fire crab (shapeshifter) (Elf:2)
  An unseen horror (D:9)
  7 deep elf archers
  3 hill giants
  The ghost of MrRokkomies the Poker, a novice OpSu (D:7)
  4 orc knights
  A wolf spider (Lair:5)
  A griffon (Lair:7)
  5 oklob plants
  61 deep elf magi
  4 orc sorcerers
  2 cyclopes (Orc:1)
  A manticore (D:11)
  Maurice (D:10)
  4 black mambas
  30 elephants
  A centaur zombie (D:11)
  A guardian serpent (shapeshifter) (Elf:3)
  Psyche (D:10)
  A centaur skeleton (D:11)
  28 spiny frogs
  An ice statue (IceCv)
  5 rime drakes
  A komodo dragon (Lair:8)
  A troll (shapeshifter) (Elf:2)
  4 trolls
  21 polar bears
  A queen bee (D:8)
  The ghost of clown the Vexing, a novice VSEn (D:6)
  2 two-headed ogres
  5 giant leeches
  Grinder (D:6)
  A blink frog (shapeshifter) (Elf:1)
  29 blink frogs
  A boulder beetle (Lair:7)
  2 air elementals (Elf:2)
  Sigmund (D:5)
  A vampire (D:10)
  A shadow (D:11)
  4 wyverns
  A spriggan (Lair:5)
  26 yaks
  5 water elementals
  4 wraiths (D:10)
  2 fire elementals
  2 basilisks
  6 hippogriffs
  Grum (D:8)
  6 vampire mosquitoes (Lair:8)
  2 hungry ghosts
  Edmund (D:4)
  6 wargs
  17 water moccasins
  2 hell hounds (D:11)
  14 porcupines
  3 black bears
  32 orc warriors
  An ice beast (D:5)
  4 phantoms
  2 sky beasts
  5 necrophages
  12 ogres
  23 wolves
  13 centaurs
  A tengu (shapeshifter) (Elf:2)
  19 crocodiles
  5 big kobolds
  39 giant frogs
  A gnoll sergeant (D:9)
  An earth elemental (Elf:2)
  A wyvern zombie (D:9)
  5 scorpions
  25 killer bees
  4 jellies
  4 howler monkeys
  5 wights (D:6)
  An electric eel (Lair:3)
  2 crimson imps
  A giant frog zombie (D:8)
  13 orc priests
  3 hounds
  A gnoll shaman (D:9)
  Crazy Yiuf (D:4)
  16 orc wizards
  A giant frog skeleton (D:8)
  8 hell rats
  6 iguanas
  Natasha (thrice) (D:4)
  5 worker ants
  A killer bee zombie (D:8)
  18 sheep
  A worker ant zombie (D:6)
  18 adders
  8 gnolls (D:9)
  42 river rats
  2 shadow imps
  An adder zombie (D:6)
  5 worms
  3 dart slugs
  9 giant geckos
  55 orcs
  2 ball pythons (D:2)
  6 giant cockroaches
  9 goblins
  2 hobgoblins (D:1)
  8 jackals
  28 kobolds
  4 quokkas
  6 bats
  5 giant newts
  A quokka skeleton (D:8)
  19 rats
  A bush (Lair:3)
  2 fungi (Lair:8)
937 creatures vanquished.

Vanquished Creatures (others)
  6 deep elf archers
  A river rat (Lair:8)
  28 fungi
  18 plants
53 creatures vanquished.

Grand Total: 990 creatures vanquished

Notes
Turn   | Place    | Note
--------------------------------------------------------------
     0 | D:1      | Murumi the Formicid Fighter began the quest for the Orb.
     0 | D:1      | Reached XP level 1. HP: 18/18 MP: 1/1
   303 | D:1      | Reached XP level 2. HP: 24/24 MP: 2/2
   790 | D:1      | Reached XP level 3. HP: 29/29 MP: 3/3
  1235 | D:2      | Found a sacrificial altar of Ru.
  1714 | D:2      | Reached XP level 4. HP: 35/35 MP: 4/4
  2109 | D:3      | Reached skill level 5 in Shields
  2851 | D:4      | Noticed Natasha
  2863 | D:4      | Killed Natasha
  2863 | D:4      | Reached XP level 5. HP: 32/41 MP: 5/5
  2919 | D:4      | Noticed a sky beast
  2933 | D:4      | Killed a sky beast
  2933 | D:4      | Reached XP level 6. HP: 30/47 MP: 6/6
  3191 | D:4      | Noticed Crazy Yiuf
  3198 | D:4      | Killed Crazy Yiuf
  3418 | D:4      | Noticed Edmund
  3434 | D:4      | Killed Edmund
  3434 | D:4      | Reached XP level 7. HP: 24/52 MP: 7/7
  3465 | D:4      | Noticed Natasha
  3473 | D:4      | Killed Natasha
  3591 | D:4      | Noticed Natasha
  3610 | D:4      | Killed Natasha
  3962 | D:5      | Entered Level 5 of the Dungeon
  4370 | D:5      | Reached skill level 5 in Long Blades
  4633 | D:5      | Found Vesum's Distillery.
  4636 | D:5      | Bought a potion of curing for 30 gold pieces
  4636 | D:5      | Bought a potion of invisibility for 80 gold pieces
  4636 | D:5      | Bought a potion of lignification for 30 gold pieces
  4636 | D:5      | Bought a potion of lignification for 30 gold pieces
  4636 | D:5      | Bought a potion of degeneration for 10 gold pieces
  4722 | D:5      | Noticed Sigmund
  4725 | D:5      | Killed Sigmund
  4725 | D:5      | Reached XP level 8. HP: 56/58 MP: 8/8
  5263 | D:6      | Noticed Grinder
  5318 | D:6      | Reached skill level 5 in Armour
  5339 | D:6      | Reached XP level 9. HP: 58/65 MP: 9/9
  5360 | D:6      | Found a staircase to the Ecumenical Temple.
  5426 | D:6      | Killed Grinder
  5466 | Temple   | Entered the Ecumenical Temple
  5894 | D:6      | Noticed clown's ghost (novice VSEn)
  5920 | D:6      | Killed clown's ghost
  5920 | D:6      | Reached skill level 5 in Fighting
  6132 | D:6      | Found a burning altar of Makhleb.
  6213 | D:7      | Noticed MrRokkomies's ghost (novice OpSu)
  6237 | D:7      | Killed MrRokkomies's ghost
  6237 | D:7      | Reached XP level 10. HP: 60/77 MP: 10/10
  6567 | D:7      | Found a glowing silver altar of Zin.
  6662 | D:5      | Bought a potion of flight for 30 gold pieces
  6662 | D:5      | Bought a potion of resistance for 100 gold pieces
  7065 | D:7      | Reached skill level 10 in Long Blades
  7511 | D:8      | Noticed Erica
  7530 | D:8      | Killed Erica
  7605 | D:8      | Found a white marble altar of Elyvilon.
  7605 | D:8      | Found an iron altar of Okawaru.
  7608 | D:8      | Became a worshipper of Elyvilon the Healer
  7637 | D:8      | Found Raquy's Assorted Antiques.
  7644 | D:8      | Noticed Grum
  7826 | D:8      | Killed Grum
  8285 | D:8      | Reached XP level 11. HP: 67/84 MP: 11/11
  8307 | D:8      | Reached skill level 1 in Invocations
  8891 | D:8      | Reached skill level 5 in Invocations
  8968 | D:9      | Noticed an unseen horror
  8984 | D:9      | Killed an unseen horror
  9584 | D:9      | Reached * piety under Elyvilon
  9822 | D:9      | Found a blossoming altar of Fedhas.
  9822 | D:9      | Found a sparkling altar of Nemelex Xobeh.
  9823 | D:9      | Found a glowing golden altar of the Shining One.
 10086 | D:8      | Bought a potion of agility for 92 gold pieces
 10086 | D:8      | Bought an embroidered cloak for 103 gold pieces
 10196 | D:9      | Noticed Erolcha
 10202 | D:9      | Killed Erolcha
 10609 | D:9      | Reached ** piety under Elyvilon
 10781 | D:10     | Entered Level 10 of the Dungeon
 10781 | D:10     | Found Amyok's Antique Weapon Boutique.
 10781 | D:10     | Noticed a hill giant
 10839 | D:10     | Reached skill level 1 in Crossbows
 10853 | D:10     | Noticed Psyche
 10891 | D:10     | Killed Psyche
 10891 | D:10     | Reached XP level 12. HP: 56/92 MP: 18/18
 11130 | D:10     | Noticed Josephine
 11142 | D:10     | Killed Josephine
 11151 | D:10     | Reached skill level 5 in Crossbows
 11404 | D:10     | Noticed Maurice
 11552 | D:10     | Killed Maurice
 12240 | D:11     | Found a white marble altar of Elyvilon.
 12243 | D:11     | Found a staircase to the Orcish Mines.
 12501 | D:11     | Found a staircase to the Lair.
 12879 | D:11     | Reached *** piety under Elyvilon
 13499 | Lair:1   | Entered Level 1 of the Lair of Beasts
 13755 | Lair:1   | Reached skill level 10 in Crossbows
 13983 | Lair:1   | Noticed an eight-headed hydra
 13990 | Lair:1   | Killed an eight-headed hydra
 13990 | Lair:1   | Reached XP level 13. HP: 98/98 MP: 19/19
 14013 | Lair:1   | Identified a scroll of acquirement
 14489 | Lair:2   | Reached **** piety under Elyvilon
 15660 | Lair:2   | Reached skill level 10 in Shields
 16173 | Lair:3   | Found a frozen archway.
 16202 | Lair:3   | Reached skill level 10 in Invocations
 16268 | IceCv    | Entered an ice cave
 16944 | IceCv    | Reached skill level 10 in Fighting
 17410 | IceCv    | Reached skill level 10 in Armour
 17709 | IceCv    | Reached XP level 14. HP: 107/110 MP: 21/21
 17947 | IceCv    | Noticed a frost giant
 17957 | IceCv    | Killed a frost giant
 18139 | IceCv    | Identified Sif Muna's Compendium of Absence
 18858 | Lair:3   | Reached ***** piety under Elyvilon
 19261 | D:5      | Bought a potion of beneficial mutation for 350 gold pieces
 19261 | D:5      | Gained mutation: You are partially covered in thin metallic scales (AC +2). [potion of beneficial mutation]
 19647 | Lair:4   | Found a hole to the Spider Nest.
 22285 | Lair:6   | Reached XP level 15. HP: 78/115 MP: 23/23
 22462 | Lair:6   | Reached skill level 15 in Long Blades
 22643 | Lair:6   | Found a staircase to the Slime Pits.
 23092 | Lair:6   | Found a staircase to the Swamp.
 24191 | Lair:8   | Entered Level 8 of the Lair of Beasts
 26415 | Lair:8   | Got an ichor-stained large shield
 26416 | Lair:8   | Identified the +8 large shield "Ymmodiol" {rF+ rN+} (You acquired it on level 8 of the Lair of Beasts)
 26501 | Lair:8   | Reached XP level 16. HP: 118/125 MP: 25/25
 26897 | Lair:8   | Got a warped iron ring
 26900 | Lair:8   | Got a crystal arbalest
 26901 | Lair:8   | Identified the +10 arbalest "Buuhuane" {freeze, MR+ Dex+2} (You found it on level 8 of the Lair of Beasts)
 26902 | Lair:8   | Identified the ring of Contentment {rC+ MR+ Dex+4} (You found it on level 8 of the Lair of Beasts)
 27292 | Orc:1    | Entered Level 1 of the Orcish Mines
 27295 | Orc:1    | Found Hojunel's General Store.
 27379 | Orc:2    | Entered Level 2 of the Orcish Mines
 27463 | Orc:1    | Found a roughly hewn altar of Beogh.
 28026 | Orc:2    | Found Touhy's Antique Armour Shop.
 28270 | Orc:2    | Found Lustrem's Jewellery Boutique.
 28281 | Orc:2    | Bought the amulet of Lugonu's Approval {Reflect MR+ MP-9 Dex+5 SH+4} for 625 gold pieces
 28281 | Orc:2    | Bought a cursed ring of teleportation for 58 gold pieces
 28337 | Orc:2    | Found Rowihink's General Store.
 28478 | Orc:2    | Found Ruone's Antique Weapon Shoppe.
 28618 | Orc:2    | Found a staircase to the Elven Halls.
 29040 | Elf:1    | Entered Level 1 of the Elven Halls
 29298 | Elf:1    | Found Xeasef's Food Emporium.
 29388 | Elf:1    | Reached skill level 15 in Shields
 29693 | Elf:1    | Reached XP level 17. HP: 118/131 MP: 17/26
 29826 | Elf:1    | Noticed Donald
 29858 | Elf:1    | Killed Donald
 30426 | Elf:2    | Found a runed door.
 30450 | Elf:2    | Found a runed door.
 30480 | Elf:2    | Reached ****** piety under Elyvilon
 31191 | Elf:2    | Noticed Norris
 31204 | Elf:2    | Killed Norris
 31653 | Elf:2    | Reached skill level 15 in Crossbows
 32054 | Elf:2    | Reached XP level 18. HP: 138/138 MP: 18/27
 32603 | Elf:3    | Entered Level 3 of the Elven Halls
 33247 | Elf:3    | Noticed a deep elf master archer
 33256 | Elf:3    | Demolished by an earth elemental

Vault maps used:
D:1:      saegor_arrival_under_anarchy
D:2:      lemuel_coloured_pillars_altar
D:4:      first_bread, uniq_crazy_yiuf_cottage, uniq_natasha, uniq_edmund
D:5:      serial_shops, kennysheep_mini_moat, uniq_sigmund
D:6:      lemuel_doored_altar, temple_pool_b, nrook_pool_corridor, uniq_grinder
D:7:      zin_statuary
D:8:      gammafunk_temple_overflow_elements, serial_shops, shop,
          david_nohive_1, uniq_grum, uniq_erica
D:9:      gammafunk_temple_overflow_claw, grunt_ministairs_1, hex_tiny,
          uniq_erolcha
D:10:     serial_shops, shop, uniq_maurice, uniq_psyche, uniq_josephine
D:11:     minmay_lair_entry_lava, orc_0_dummy, basic_altar, roderic_malta_cross
Temple:   oiseaux_autumnal_temple_12
Lair:1:   kennysheep_abandoned_house
Lair:2:   statuecave_lemuel, lemuel_fruit_fields
Lair:3:   portal_ice_cave_entry_pillars_03, minmay_lair_oklob_bushes,
          infiniplex_staircase_pool_2, serial_bayou_shore_a
Lair:4:   spider_nest_entry_web_field, beast_lair_carwin_3, grunt_megastairs_5
Lair:5:   minmay_lair_venomous_thicket, forest_entry_grove
Lair:6:   minmay_swamp_entry_worms, minmay_slime_entry_oklob_enclosed,
          minivault_23, nicolae_quartered_pool_little
Lair:7:   nicolae_quartered_pool_medium
Lair:8:   minmay_lair_end_frog_pond
Orc:1:    basic_altar, serial_shops, shop, nicolae_orc_bridge_out,
          nicolae_orc_pool_cavern
Orc:2:    grunt_orc_gardens, grunt_orc_garden, grunt_orc_garden,
          grunt_orc_garden, grunt_orc_garden
Elf:1:    serial_shops, shop, minmay_elf_crystal_heptagon, grunt_ministairs_2,
          spider_trap, uniq_donald
Elf:2:    grunt_megastairs_2, uniq_norris
Elf:3:    minmay_elf_hall_x, serial_shops, shop, nrook_mini_backslash
IceCv:    ice_cave_caverns_03

Skill      XL: |  1  2  3  4  5  6  7  8  9 10 11 12 13 14 15 16 17 18 |
---------------+-------------------------------------------------------+-----
Shields        | 4 5 6 7 8 9 10 11 12 15 | 15.0
Long Blades    | 3 4 6 9 10 11 12 14 15 16 | 16.3
Fighting       | 4 6 7 8 10 11 | 11.0
Armour         | 5 8 10 11 | 11.0
Invocations    | 9 10 11 12 13 | 13.0
Crossbows      | 3 10 11 15 16 | 16.0

Action                   |  1- 3 |  4- 6 |  7- 9 | 10-12 | 13-15 | 16-18 || total
-------------------------+-------+-------+-------+-------+-------+-------++-------
Melee: Long sword        |    96 |   115 |   303 |   100 |       |       ||   614
       Scimitar          |       |       |       |   900 |    38 |       ||   938
       Unarmed           |       |       |       |    15 |       |       ||    15
       Triple sword      |       |       |       |       |  1311 |   682 ||  1993
 Fire: Hand crossbow     |       |       |       |    60 |   112 |    14 ||   186
       Arbalest          |       |       |       |       |       |   279 ||   279
Invok: Lesser Healing    |       |       |       |       |    20 |     5 ||    25
       Greater Healing   |       |       |       |       |     4 |       ||     4
       Heal Other        |       |       |       |       |     8 |     1 ||     9
 Abil: Dig               |       |       |     6 |    10 |    12 |    23 ||    51
Evoke: Wand              |       |       |     3 |       |       |       ||     3
  Use: Scroll            |     2 |     5 |     3 |     7 |    16 |     6 ||    39
       Potion            |       |     1 |     2 |     7 |     4 |     2 ||    16
  Eat: Chunk             |     3 |     5 |     9 |    24 |    48 |    27 ||   116
       Pizza             |       |       |     1 |       |     2 |       ||     3
       Meat ration       |       |       |       |     1 |       |       ||     1
       Beef jerky        |       |       |       |     1 |       |       ||     1
Armor: Scale mail        |    33 |    26 |       |       |       |       ||    59
       Chain mail        |       |       |    90 |    17 |       |       ||   107
       Skin              |       |       |     2 |    53 |       |       ||    55
       Plate armour      |       |       |       |   264 |   784 |    80 ||  1128
Dodge: Dodged            |    34 |    27 |    48 |   182 |   372 |    32 ||   695
Block: Shield            |    51 |    46 |   143 |   441 |   906 |       ||  1587
       Large shield      |       |       |       |       |    51 |   593 ||   644
       Reflection        |       |       |       |       |       |    63 ||    63
